 Dungeon Crawl Stone Soup version 0.27-a0-1301-g128193abf8 (webtiles) character file.

Game seed: 6559431572078273555

1186 bilbop the Skirmisher (level 8, -1/66 (71) HPs)
             Began as a Hill Orc Fighter on June 17, 2021.
             Was a Believer of Beogh.
             Splashed by a jelly's acid (5 damage)
             ... on level 5 of the Dungeon.
             The game lasted 00:21:41 (5784 turns).

bilbop the Skirmisher (Hill Orc Fighter)            Turns: 5784, Time: 00:21:41

HP:   -1/66 (71)    AC: -4    Str: 20    XL:     8   Next: 42%
MP:   12/12         EV:  6    Int:  8    God:    Beogh [**....]
Gold: 168           SH: 15    Dex: 11    Spells: 7/7 levels left

rFire    . . .     SeeInvis +   a - +0 hand axe (freeze)
rCold    . . .     Faith    .   c - +0 kite shield
rNeg     . . .     Spirit   .   j - +0 chain mail
rPois    .         Reflect  +   w - +2 hat {SInv}
rElec    .         Harm     .   (no cloak)
rCorr    .         Rampage  .   u - +1 pair of gloves
Will     .....                  g - +0 pair of boots
Stlth    ..........             A - amulet of reflection
HPRegen  0.21/turn              (no ring)
MPRegen  0.13/turn              (no ring)

@: corroded, drained
A: no striking features
a: Renounce Religion, Smiting


You were on level 5 of the Dungeon.
You worshipped Beogh.
Beogh was pleased with you.
You visited 1 branch of the dungeon, and saw 5 of its levels.

You collected 168 gold pieces.

Inventory:

Hand Weapons
 a - a +0 hand axe of freezing (weapon)
 b - a +3 vorpal hunting sling
 f - a +0 war axe
Armour
 c - a +0 kite shield (worn)
 g - a +0 pair of boots (worn)
 j - a +0 chain mail (worn)
 n - a +0 scale mail
 q - a +0 pair of gloves
 u - a +1 pair of gloves (worn)
 w - a +2 hat of see invisible (worn)
Jewellery
 A - an amulet of reflection (around neck)
Wands
 x - a wand of iceblast (11)
Scrolls
 h - a scroll of fog
 k - a scroll of teleportation
 o - 3 scrolls of blinking
 s - 5 scrolls of enchant weapon
 v - 2 scrolls of magic mapping
Potions
 d - 2 potions of might
 e - 2 potions of mutation {unknown}
 i - 2 potions of haste
 l - 2 potions of heal wounds {unknown}
 m - a potion of brilliance {unknown}
 p - 2 potions of curing {unknown}
 r - 3 potions of degeneration {unknown}
 t - 4 potions of lignification
 z - a potion of ambrosia {unknown}


   Skills:
 + Level 6.3 Fighting
 + Level 6.2 Axes
 + Level 5.8 Armour
 + Level 5.8 Shields
 + Level 5.5 Invocations


You had 7 spell levels left.
You didn't know any spells.
Your spell library contained the following spells:

 Spells                   Type           Power      Damage    Failure   Level
 Searing Ray              Conj           0%         3d3       100%        2
 Frozen Ramparts          Ice            0%         1d2       100%        3
 Mephitic Cloud           Conj/Pois/Air  0%         N/A       100%        3
 Ice Form                 Ice/Tmut       0%         N/A       100%        4
 Sticky Flame             Conj/Fire      0%         2d3       100%        4


Dungeon Overview and Level Annotations

Branches:
Dungeon (5/15)             Temple (0/1) D:4

Altars:
Vehumet
The Shining One

Annotations:
D:3 3 runed translucent doors, atabob's ghost, amateur DrTm
D:4 exclusion: statue


Message History

Your hands burn!
The jelly is severely wounded.
You block the jelly's attack. The jelly hits you but does no damage.
You hit the jelly but do no damage. The acid corrodes you!
Your hands burn!
The jelly is heavily wounded.
You block the jelly's attack.
You hit the jelly but do no damage.
Your hands burn!
The jelly is heavily wounded.
You block the jelly's attack.
You hit the jelly but do no damage.
Your hands burn!
The jelly is heavily wounded.
The jelly hits you.
You are splashed with acid.
You are too injured to fight recklessly!
You are too injured to fight recklessly!
You are too injured to fight recklessly!
You are too injured to fight recklessly!
You are too injured to fight recklessly!
You are too injured to fight recklessly!
You are too injured to fight recklessly!
You hit the jelly but do no damage.
Your hands burn!
The jelly is heavily wounded.
You block the jelly's attack.
You hit the jelly but do no damage. The acid corrodes you!
Your hands burn!
The jelly is heavily wounded.
The jelly hits you. The acid corrodes you!
You are splashed with acid!
* * * LOW HITPOINT WARNING * * *
You hit the jelly but do no damage.
Your hands burn!
* * * LOW HITPOINT WARNING * * *
The jelly is heavily wounded.
The jelly hits you.
* * * LOW HITPOINT WARNING * * *
The acid corrodes you!
You are splashed with acid.
* * * LOW HITPOINT WARNING * * *
You block the jelly's attack.
You hit the jelly but do no damage.
Your hands burn!
* * * LOW HITPOINT WARNING * * *
The jelly is heavily wounded.
You block the jelly's attack.
You hit the jelly but do no damage. The acid corrodes you!
Your hands burn!
You die...

###>#.##.#.##............########
#...#..#.#.##..#.#######.# #.
#.#....#.#.###.#.#######'### #.
#........#.# #.#...........# #.
###.####.#.###.#...........# #.
###......#.....#...........# #.
...#############.#######.#######.
...+ ........### #......... ...#
.∩.....@.$# ########## ...#
.......J..+ ..... ...#
.∩........# ##### ...#
...###.#### ...# ### #. ...# ..
...# .. #### #..


You could see a jelly.

Vanquished Creatures
  6 ogres
  A phantom (D:4)
  5 scorpions (D:4)
  A hound (D:4)
  An orc priest (D:3)
  2 orc wizards (D:5)
  2 hound skeletons
  5 adders
  A white imp (D:5)
  An ufetubus (D:3)
  4 worms
  3 dart slugs
  8 orcs
  8 endoplasms
  2 giant cockroaches (D:1)
  6 goblins
  6 hobgoblins
  11 jackals
  2 quokkas
  8 ball pythons
  9 bats
  5 frilled lizards
  11 kobolds
  6 rats
114 creatures vanquished.

Vanquished Creatures (others)
  A hobgoblin (D:2)
  A kobold (D:2)
  7 fungi (D:4)
  A plant (D:2)
10 creatures vanquished.

Grand Total: 124 creatures vanquished

Notes
Turn   | Place    | Note
-------+----------+-------------------------------------------
     0 | D:1      | bilbop the Hill Orc Fighter began the quest for the Orb.
     0 | D:1      | Reached XP level 1. HP: 19/19 MP: 1/1
   121 | D:1      | Reached XP level 2. HP: 27/27 MP: 2/2
   355 | D:1      | Reached skill level 1 in Invocations
   425 | D:1      | Reached XP level 3. HP: 33/33 MP: 3/3
   848 | D:2      | Identified Ceig Eku's Reference Book on Frigorific Attacks
   880 | D:2      | Became a worshipper of Beogh the Brigand
  1071 | D:2      | Reached XP level 4. HP: 36/40 MP: 5/5
  1437 | D:2      | Found a faded altar of an unknown god.
  2257 | D:3      | Found a runed translucent gate.
  2258 | D:3      | Found a runed translucent gate.
  2259 | D:3      | Found a runed translucent gate.
  2281 | D:3      | Noticed atabob's ghost (amateur DrTm)
  2675 | D:3      | Reached * piety under Beogh
  2676 | D:3      | Reached XP level 5. HP: 36/47 MP: 6/6
  3368 | D:4      | Noticed an ogre
  3420 | D:4      | Noticed an ogre
  3429 | D:4      | Killed an ogre
  3430 | D:4      | Reached XP level 6. HP: 34/53 MP: 6/8
  3735 | D:4      | Reached skill level 5 in Fighting
  3778 | D:4      | Found a radiant altar of Vehumet.
  3944 | D:4      | Found a staircase to the Ecumenical Temple.
  3964 | D:4      | Reached XP level 7. HP: 34/61 MP: 8/10
  4128 | D:4      | Reached skill level 5 in Axes
  4273 | D:4      | Found a glowing golden altar of the Shining One.
  4411 | D:4      | Reached skill level 5 in Armour
  4411 | D:4      | Reached skill level 5 in Shields
  4656 | D:4      | Reached ** piety under Beogh
  4676 | D:4      | Found the +7 Singing Sword {vorpal, sonic wave}
  4805 | D:4      | Reached XP level 8. HP: 48/70 MP: 11/11
  5008 | D:5      | Entered Level 5 of the Dungeon
  5020 | D:5      | Reached skill level 5 in Invocations
  5784 | D:5      | Splashed by a jelly's acid

Illustrated notes

Levels and vault maps discovered:
D:1:      grunt_arrival_lava_bath, layout_basic
D:2:      layout_basic, chequers_ecumenical_altar_lobes, minmay_mini_jars
D:3:      layout_loops_ring, gammafunk_ghost_icy, chequers_jeans,
          solitary_fountain, hangedman_abyss_or_decor_lesser_grid,
          minmay_circle_x
D:4:      old_forge, layout_basic, nicolae_tso_carved_into_rock, vehumet_statue,
          minmay_temple_entry_slanted
D:5:      layout_basic, serial_shops, nicolae_shop_competitors_out_of_business,
          minmay_misc_feat_tiny, minivault_14, chequers_serial_rivers_large_a,
          uniq_grinder

Skill      XL: |  1  2  3  4  5  6  7  8 |
---------------+-------------------------+-----
Axes           | 3 4 5 6 |  6.2
Invocations    | 1 2 3 4 5 |  5.5
Fighting       | 4 5 6 |  6.3
Armour         | 4 5 |  5.8
Shields        | 4 5 |  5.8

Action                   |  1- 3 |  4- 6 |  7- 9 || total
-------------------------+-------+-------+-------++-------
Melee: War axe           |     6 |       |       ||     6
       Hand axe          |    88 |   199 |   165 ||   452
Invok: Convert to Beogh  |     1 |       |       ||     1
  Use: Scroll            |       |     4 |     4 ||     8
Armor: Scale mail        |    22 |       |       ||    22
       Chain mail        |    16 |   100 |   103 ||   219
Dodge: Dodged            |    24 |    46 |    31 ||   101
Block: Kite shield       |    45 |    87 |    87 ||   219
       Reflection        |       |       |     1 ||     1

Table legend: (Time is in decaauts)
 A = Elapsed time spent in this place.
 B = Non-inter-level travel time spent in this place.
 C = Inter-level travel time spent in this place.
 D = Time resting spent in this place.
 E = Time spent auto-exploring this place.
 F = Levels seen in this place.
 G = Mean time per level.
                   A        B        C        D        E       F      G
               +--------+--------+--------+--------+--------+-----+--------+
         Total |   5920 |   5753 |    167 |    988 |   3772 |   5 | 1184.0 |
       Dungeon |   5920 |   5753 |    167 |    988 |   3772 |   5 | 1184.0 |
               +--------+--------+--------+--------+--------+-----+--------+

Top non-repeatable levels by time:
     D:4: 1622 daAuts
     D:2: 1412 daAuts
     D:3: 1342 daAuts
     D:5: 789 daAuts
     D:1: 753 daAuts
